[Event "ICC tourney 2022 (75 10)"]
[Site "Internet Chess Club"]
[Date "2020.09.26"]
[Round "2"]
[White "IndianTerritory"]
[Black "Legal757"]
[Result "1-0"]
[ICCResult "Black forfeits on time"]
[WhiteElo "2004"]
[BlackElo "1852"]
[Opening "Caro-Kann: exchange, Rubinstein variation"]
[ECO "B13"]
[NIC "CK.02"]
[Time "16:34:46"]
[TimeControl "4500+10"]

1. e4 c6 2. d4 d5 3. exd5 cxd5 4. Bd3 Nc6 5. c3 Nf6 6. Bf4 Bg4 7. Qb3 Qc8 8.
Ne2 e6 9. O-O Be7 10. f3 Bh5 11. Nd2 O-O 12. Ng3 Bg6 13. Bxg6 hxg6 14. Rae1
b6 15. Ne2 Qb7 16. g3 Rac8 17. a4 Na5 18. Qc2 Nc4 19. Nxc4 Rxc4 20. b3 Rcc8
21. Qd3 Rfd8 22. Kg2 a5 23. h4 Kf8 24. Rh1 Ke8 25. g4 Kd7 26. h5 gxh5 27. g5
Ne8 28. Rxh5 Nd6 29. g6 f6 30. Ng3 Bf8 31. Rh7 Re8 32. Nh5 Re7 33. Qe3 Nf5
34. Nxf6+ Kd8 35. Qd3 gxf6 36. Rxe6 Rxh7 37. Qxf5 Rd7 38. Qxf6+ Be7 39. Qh8+
{Black forfeits on time}
1-0

[Event "ICC tourney 2022 (75 10)"]
[Site "Internet Chess Club"]
[Date "2020.09.26"]
[Round "2"]
[White "Joshua1"]
[Black "mexicoreal"]
[Result "0-1"]
[ICCResult "White checkmated"]
[WhiteElo "1838"]
[BlackElo "2064"]
[Opening "King's Indian: Kramer system"]
[ECO "E70"]
[NIC "KI.31"]
[Time "16:34:43"]
[TimeControl "4500+10"]

1. d4 Nf6 2. c4 g6 3. Nc3 Bg7 4. e4 d6 5. Nge2 Nc6 6. f3 e5 7. d5 Ne7 8. Ng3
O-O 9. Be2 Ne8 10. Be3 f5 11. Bf2 f4 12. Nf1 g5 13. Qd2 Ng6 14. g3 h5 15. c5
g4 16. Qd3 Qf6 17. Nd2 Bh6 18. Rf1 fxg3 19. Bxg3 Nf4 20. Bxf4 Bxf4 21. fxg4
Qh4+ 22. Kd1 hxg4 23. Kc2 dxc5 24. Nc4 Nd6 25. Ne3 Kh7 26. Ng2 Qg5 27. Nxf4
Rxf4 28. Qe3 b6 29. Rg1 Bd7 30. h3 Rg8 31. hxg4 Nf7 32. Rh1+ Kg7 33. Rh5 Qf6
34. d6 c6 35. Qh3 Ng5 36. Qh4 Nf7 37. Qh3 Kf8 38. Rd1 Ng5 39. Qh4 Ne6 40.
Qxf6+ Rxf6 41. Bc4 Rxg4 42. Bxe6 Rxe6 43. Rh7 Rg7 44. Rh8+ Rg8 45. Rh7 Ke8
46. Rd2 b5 47. Nd1 Rgg6 48. Rh8+ Kf7 49. Ra8 Rxd6 50. Rxd6 Rxd6 51. Rxa7 Kf6
52. Nc3 Bg4 53. Ra6 Ke6 54. a3 Bf3 55. b4 cxb4 56. axb4 Kd7 57. Ra7+ Kc8 58.
Re7 Rd4 59. Rxe5 Rxb4 60. Rc5 Kd7 61. e5 Bg4 62. Kd3 Bf5+ 63. Kd2 Rh4 64.
Nxb5 cxb5 65. Rxb5 Ke6 66. Ke3 Be4 67. Ra5 Bd5 68. Ra7 Kxe5 69. Re7+ Be6 70.
Ra7 Rh3+ 71. Kd2 Kd4 72. Ra6 Rh2+ 73. Ke1 Bc4 74. Rd6+ Kc3 75. Rg6 Re2+ 76.
Kd1 Rd2+ 77. Ke1 Re2+ 78. Kd1 Ra2 79. Ke1 Bd3 80. Rc6+ Kd4 81. Re6 Be4 82.
Rb6 Ke3 83. Rd6 Re2+ 84. Kd1 Rb2 85. Ke1 Rb8 86. Rd7 Rg8 87. Rf7 Rg1+ 88.
Rf1 Rg2 89. Rf7 Re2+ 90. Kf1 Ra2 91. Kg1 Ra1+ 92. Kh2 Bf3 93. Kg3 Rg1+ 94.
Kh4 Rg4+ 95. Kh3 Kf2 96. Rc7 Rg1 97. Kh4 Ke3 98. Rc4 Be4 99. Rb4 Kf4 100.
Rb3 Bf5 101. Rb4+ Ke5 102. Rb5+ Kf6 103. Rb6+ Be6 104. Rb5 Rg4+ 105. Kh5 Rg7
106. Kh4 Bc4 107. Ra5 Be2 108. Rc5 Bf3 109. Ra5 Rg1 110. Rc5 Bg4 111. Ra5
Bf5 112. Rc5 Rg4+ 113. Kh5 Ra4 114. Rc6+ Be6 115. Rc5 Bf7+ 116. Kh6 Rh4+
117. Rh5 Rxh5# {White checkmated} 0-1

[Event "ICC tourney 2022 (75 10)"]
[Site "Internet Chess Club"]
[Date "2020.09.26"]
[Round "3"]
[White "chessboss05"]
[Black "Mapking1"]
[Result "0-1"]
[ICCResult "White resigns"]
[WhiteElo "1430"]
[BlackElo "1668"]
[Opening "Sicilian: dragon, Yugoslav attack, 10.O-O-O"]
[ECO "B78"]
[NIC "SI.18"]
[Time "20:02:38"]
[TimeControl "4500+10"]

1. e4 c5 2. Nf3 d6 3. d4 cxd4 4. Nxd4 Nf6 5. Nc3 g6 6. Be3 Bg7 7. f3 Nc6 8.
Bc4 O-O 9. Qd2 Bd7 10. O-O-O Rc8 11. Bb3 Nxd4 12. Bxd4 b5 13. Bxa7 b4 14.
Nd5 Nxd5 15. Bxd5 Qa5 16. Bd4 e6 17. Bb3 Ba4 18. Bxg7 Bxb3 19. Qf2 Rxc2+ 20.
Qxc2 Bxc2 21. Kxc2 Kxg7 22. Ra1 Rc8+ 23. Kd1 {White resigns} 0-1

[Event "ICC tourney 2022 (75 10)"]
[Site "Internet Chess Club"]
[Date "2020.09.26"]
[Round "3"]
[White "abi2009"]
[Black "pawnpush202044"]
[Result "1-0"]
[ICCResult "Black resigns"]
[WhiteElo "1807"]
[BlackElo "1854"]
[Opening "Sicilian: Najdorf, Byrne (English) attack"]
[ECO "B90"]
[NIC "SI.14"]
[Time "20:02:28"]
[TimeControl "4500+10"]

1. e4 c5 2. Nf3 d6 3. d4 cxd4 4. Nxd4 Nf6 5. Nc3 a6 6. Be3 e5 7. Nb3 Be7 8.
Be2 Be6 9. O-O O-O 10. Qd2 Nc6 11. Rad1 d5 12. exd5 Nxd5 13. Nxd5 Bxd5 14.
Qxd5 Qc7 15. Qd7 Qb8 16. Bb6 Bf6 17. Bc4 e4 18. Bc7 Qa7 19. Rfe1 Rae8 20.
Bxf7+ Rxf7 21. Qxe8+ Rf8 22. Qxe4 Bxb2 23. Qd5+ Kh8 24. Qf7 Ba3 25. Re8
{Black resigns}
1-0

[Event "ICC tourney 2022 (75 10)"]
[Site "Internet Chess Club"]
[Date "2020.09.26"]
[Round "3"]
[White "pangpangba"]
[Black "Joshua1"]
[Result "0-1"]
[ICCResult "White checkmated"]
[WhiteElo "1659"]
[BlackElo "1847"]
[Opening "Sicilian: Kan, 5.Nc3"]
[ECO "B43"]
[NIC "SI.41"]
[Time "20:02:32"]
[TimeControl "4500+10"]

1. e4 c5 2. Nf3 e6 3. d4 cxd4 4. Nxd4 a6 5. Nc3 Qc7 6. Be3 Bb4 7. Qd2 Nf6 8.
f3 d5 9. exd5 Nxd5 10. Nde2 Nxe3 11. Qxe3 O-O 12. O-O-O Nc6 13. a3 Be7 14.
Kb1 b5 15. h4 Bb7 16. g4 b4 17. axb4 Nxb4 18. g5 Rfc8 19. Bg2 Nd5 20. Qd2
Rab8 21. h5 Nxc3+ 22. Nxc3 Bb4 23. g6 Bxc3 24. gxh7+ Kxh7 25. Qd3+ Kg8 26.
h6 Be4 27. Qxe4 Rxb2+ 28. Kc1 Rb1+ 29. Kxb1 Qb6+ 30. Kc1 Qb2# {White
checkmated} 0-1

[Event "ICC tourney 2022 (75 10)"]
[Site "Internet Chess Club"]
[Date "2020.09.26"]
[Round "3"]
[White "mexicoreal"]
[Black "imranchamp"]
[Result "1/2-1/2"]
[ICCResult "Game drawn by mutual agreement"]
[WhiteElo "2015"]
[BlackElo "1841"]
[Opening "Sicilian: Pelikan, Chelyabinsk variation"]
[ECO "B33"]
[NIC "SI.37"]
[Time "20:02:41"]
[TimeControl "4500+10"]

1. e4 c5 2. Nf3 Nc6 3. d4 cxd4 4. Nxd4 Nf6 5. Nc3 e5 6. Ndb5 d6 7. Bg5 a6 8.
Na3 b5 9. Nd5 Be7 10. Bxf6 Bxf6 11. c3 O-O 12. Nc2 g6 13. a4 Rb8 14. axb5
axb5 15. Be2 Bg7 16. O-O Ne7 17. Ncb4 Bb7 18. Nxe7+ Qxe7 19. Nd5 Bxd5 20.
Qxd5 b4 21. c4 Rfc8 22. b3 Rc5 23. Qd3 f5 24. Bf3 g5 25. exf5 e4 26. Rae1
exd3 27. Rxe7 Rxf5 28. Be4 Re5 29. Rxe5 Bxe5 30. Bxd3 Ra8 31. g3 Ra2 32. Rc1
Rd2 33. Be4 Bd4 34. Rf1 Rb2 35. Kg2 Kg7 36. Kf3 Rxb3+ 37. Kg4 Rb2 38. Kxg5
Rxf2 39. Rxf2 Bxf2 40. g4 h6+ 41. Kf5 Bc5 42. h4 Kf7 43. Bd5+ Kg7 44. Be4
Bd4 45. Bc2 Kf7 46. g5 hxg5 47. Kxg5 Kg7 48. h5 Be3+ 49. Kg4 Bc5 50. Kf4 Kh6
51. Bg6 {Game drawn by mutual agreement} 1/2-1/2

[Event "ICC tourney 2022 (75 10)"]
[Site "Internet Chess Club"]
[Date "2020.09.26"]
[Round "3"]
[White "joeandjoe56"]
[Black "python0812"]
[Result "0-1"]
[ICCResult "White resigns"]
[WhiteElo "1819"]
[BlackElo "2052"]
[Opening "Caro-Kann: advance variation"]
[ECO "B12"]
[NIC "CK.04"]
[Time "20:02:43"]
[TimeControl "4500+10"]

1. e4 c6 2. d4 d5 3. e5 Bf5 4. Nf3 e6 5. Be2 Ne7 6. O-O c5 7. c3 Nbc6 8.
Nbd2 cxd4 9. cxd4 Qb6 10. Nb3 Bg4 11. Bd2 Bxf3 12. Bxf3 Nxd4 13. Nxd4 Qxd4
14. Qb3 Qxd2 15. Qxb7 Rc8 16. Qb5+ Kd8 17. Bd1 Nc6 18. Ba4 Qb4 19. Qa6 Qa5
20. Qb7 Qxa4 21. Qxf7 Qg4 22. Qb7 Qb4 23. Qf7 Qe7 24. Qf4 g5 25. Qe3 Bg7 26.
f4 gxf4 {White resigns} 0-1

[Event "ICC tourney 2022 (75 10)"]
[Site "Internet Chess Club"]
[Date "2020.09.26"]
[Round "3"]
[White "Eagle2020"]
[Black "Hydracyclops"]
[Result "0-1"]
[ICCResult "White checkmated"]
[WhiteElo "1543"]
[BlackElo "1601"]
[Opening "Sicilian: Alapin's variation (2.c3)"]
[ECO "B22"]
[NIC "SI.46"]
[Time "20:02:39"]
[TimeControl "4500+10"]

1. e4 c5 2. c3 d5 3. exd5 Qxd5 4. d4 Nf6 5. Nf3 Nc6 6. Na3 Bg4 7. Be2 cxd4
8. cxd4 Bxf3 9. Bxf3 Qd7 10. Be3 e6 11. O-O Bxa3 12. bxa3 O-O 13. Qa4 Rfd8
14. Rfd1 Nd5 15. Qb3 Na5 16. Qd3 Rac8 17. Rac1 a6 18. h4 b5 19. h5 Nc4 20.
Rb1 Ncxe3 21. fxe3 Nc3 22. Kf2 Nxb1 23. Qxb1 Qd6 24. Qb2 Rc4 25. Rh1 Rdc8
26. Be4 f5 27. Bd3 Rc3 28. Bb1 Qxa3 29. Qe2 Rc1 30. Bxf5 exf5 31. Qf3 Rxh1
32. Qd5+ Kh8 33. Qd7 Qf8 34. Qb7 Rc2+ 35. Kf3 Rf1+ 36. Kg3 Qd6+ 37. Kh4 Rh1+
38. Kg5 Qf6+ 39. Kf4 Rf2+ 40. Kg3 Qh4# {White checkmated} 0-1

[Event "ICC tourney 2022 (75 10)"]
[Site "Internet Chess Club"]
[Date "2020.09.26"]
[Round "3"]
[White "goodcrowdchess"]
[Black "chessmaster0981"]
[Result "1-0"]
[ICCResult "Black resigns"]
[WhiteElo "1627"]
[BlackElo "1604"]
[Opening "French: Tarrasch, closed variation, main line"]
[ECO "C06"]
[NIC "FR.17"]
[Time "20:03:24"]
[TimeControl "4500+10"]

1. e4 e6 2. d4 d5 3. Nd2 Nf6 4. e5 Nfd7 5. Bd3 c5 6. c3 Nc6 7. Ne2 cxd4 8.
cxd4 f6 9. exf6 Nxf6 10. O-O Bd6 11. Nf3 O-O 12. Bf4 Ng4 13. Bxd6 Qxd6 14.
Ng3 e5 15. dxe5 Ncxe5 16. Nxe5 Nxe5 17. Bc2 Bg4 18. f3 Qc5+ 19. Kh1 Be6 20.
Re1 Rac8 21. Rxe5 Qxc2 22. Qxc2 Rxc2 23. Rxe6 d4 24. Rd6 Rfc8 25. Rxd4 Rxb2
26. a4 Rcc2 27. Rg1 Ra2 28. Rd8+ Kf7 29. Rd7+ Kg6 30. Rxb7 Rxa4 31. Re7 Raa2
32. h4 a5 33. Rge1 h6 34. R1e6+ Kh7 35. Re2 Rc1+ 36. Re1 Rcc2 37. R7e2 Rxe2
38. Rxe2 Rxe2 39. Nxe2 a4 40. Nc3 a3 41. Kg1 Kg6 42. Kf2 Kf5 43. Ke3 Ke5 44.
g3 g6 45. Kd3 h5 46. Kc4 Kf5 47. Kb3 g5 48. hxg5 Kxg5 49. Ne4+ Kf5 50. Kxa3
h4 51. Nd6+ Kg5 52. Nf7+ Kh5 53. g4+ Kg6 54. Ne5+ Kg5 55. Nd3 h3 56. Nf2 h2
57. Kb3 Kf4 58. Nh1 Kg5 59. Kc3 Kf4 60. Kd3 Kxf3 61. g5 Kg2 62. g6 Kxh1 63.
g7 Kg2 64. g8=Q+ Kh3 65. Qa8 Kg3 66. Qh1 Kh3 67. Ke3 Kg3 68. Ke2 Kh3 69. Kf2
Kh4 70. Qxh2+ {Black resigns} 1-0

[Event "ICC tourney 2022 (75 10)"]
[Site "Internet Chess Club"]
[Date "2020.09.26"]
[Round "3"]
[White "clair"]
[Black "ScoutViolet"]
[Result "1/2-1/2"]
[ICCResult "Game drawn by mutual agreement"]
[WhiteElo "1691"]
[BlackElo "1576"]
[Opening "Queen's pawn, Mason variation"]
[ECO "D00"]
[NIC "QP.08"]
[Time "20:02:48"]
[TimeControl "4500+10"]

1. d4 d5 2. Bf4 Bf5 3. e3 e6 4. c4 Nf6 5. Qb3 b6 6. cxd5 exd5 7. Bb5+ Bd7 8.
Nc3 c6 9. Bd3 Be7 10. Nf3 Nh5 11. Be5 Bg4 12. Be2 Nd7 13. Rc1 f6 14. Bg3
Nxg3 15. hxg3 Rc8 16. Qc2 f5 17. Nxd5 c5 18. Nxe7 Qxe7 19. Qa4 O-O 20. O-O
cxd4 21. Nxd4 Bxe2 22. Nxe2 Nc5 23. Qa3 Qf7 24. Rfd1 Rfd8 25. b4 Ne4 26.
Rxc8 Rxc8 27. Nd4 Nc3 28. Rc1 Qc7 29. Kh2 Qf7 30. Rxc3 Qh5+ 31. Kg1 Qd1+
{Game drawn by mutual agreement}
1/2-1/2

[Event "ICC tourney 2022 (75 10)"]
[Site "Internet Chess Club"]
[Date "2020.09.26"]
[Round "3"]
[White "Telos53"]
[Black "orwind"]
[Result "1-0"]
[ICCResult "Black resigns"]
[WhiteElo "1822"]
[BlackElo "1313"]
[Opening "Benoni defense"]
[ECO "A56"]
[NIC "OI.06"]
[Time "20:02:44"]
[TimeControl "4500+10"]

1. d4 Nf6 2. c4 c5 3. e3 e6 4. Nf3 Be7 5. Nc3 O-O 6. Bd3 cxd4 7. exd4 d5 8.
O-O Nc6 9. a3 a6 10. c5 b6 11. b4 Nxd4 12. Nxd4 bxc5 13. Nc6 Qc7 14. Nxe7+
Qxe7 15. bxc5 Qxc5 16. Na4 Qc7 17. Be3 Bb7 18. Rc1 Qd8 19. Bb6 Qd7 20. Rc7
Qd6 21. Rxb7 Rfc8 22. Qb3 Nd7 23. g3 Qc6 24. Be3 Ne5 25. Rb6 Qd7 26. Bxa6
Nc4 27. Bxc8 {Black resigns} 1-0

[Event "ICC tourney 2022 (75 10)"]
[Site "Internet Chess Club"]
[Date "2020.09.26"]
[Round "3"]
[White "Roger436"]
[Black "TacoCat5"]
[Result "1-0"]
[ICCResult "Black resigns"]
[WhiteElo "1676"]
[BlackElo "1687"]
[Opening "Ruy Lopez: Wormald (Alapin) attack"]
[ECO "C77"]
[NIC "RL.12"]
[Time "20:02:40"]
[TimeControl "4500+10"]

1. e4 e5 2. Nf3 Nc6 3. Bb5 a6 4. Ba4 Nf6 5. Qe2 Be7 6. c3 O-O 7. O-O b5 8.
Bb3 d6 9. h3 Be6 10. d4 exd4 11. cxd4 Bxb3 12. axb3 Nd7 13. Nc3 Bf6 14. Rd1
Re8 15. Bf4 Nb6 16. e5 Be7 17. d5 Nxe5 18. Nxe5 dxe5 19. Qxe5 Bd6 20. Qd4
Bxf4 21. Qxf4 b4 22. Qxb4 Qf6 23. d6 Qf5 24. dxc7 Nd7 25. Qd6 Ne5 26. Nd5
Qg5 27. Nb6 Nf3+ 28. Kh1 Nh4 29. g3 Nf5 30. Qd7 Nxg3+ 31. fxg3 Qxg3 32. Qg4
Qxc7 33. Nxa8 Rxa8 34. Qd7 Qb6 35. Rxa6 {Black resigns} 1-0

[Event "ICC tourney 2022 (75 10)"]
[Site "Internet Chess Club"]
[Date "2020.09.26"]
[Round "3"]
[White "Vish1080"]
[Black "JunlinTheWorld"]
[Result "1/2-1/2"]
[ICCResult "Game drawn by mutual agreement"]
[WhiteElo "1729"]
[BlackElo "1724"]
[Opening "English opening"]
[ECO "A30"]
[NIC "QP.11"]
[Time "20:02:48"]
[TimeControl "4500+10"]

1. Nf3 Nf6 2. c4 c5 3. e3 g6 4. d4 Bg7 5. Nc3 cxd4 6. exd4 O-O 7. Be2 d5 8.
O-O Bg4 9. h3 Bc8 10. Bg5 dxc4 11. Bxc4 Nbd7 12. Ne5 a6 13. Qb3 e6 14. Nxd7
Qxd7 15. Bxf6 Bxf6 16. d5 b5 17. Be2 Bxc3 18. dxe6 Qxe6 19. Qxe6 Bxe6 20.
bxc3 Rac8 21. Rfc1 Rc5 22. a4 Rfc8 23. axb5 axb5 24. Ra5 b4 25. Rxc5 Rxc5
26. c4 Kg7 27. Rb1 Bxc4 28. Rc1 b3 29. Bxc4 b2 30. Rb1 Rxc4 31. Rxb2
{Game drawn by mutual agreement}
1/2-1/2

[Event "ICC tourney 2022 (75 10)"]
[Site "Internet Chess Club"]
[Date "2020.09.26"]
[Round "3"]
[White "kapilank"]
[Black "AHSRULES"]
[Result "0-1"]
[ICCResult "White resigns"]
[WhiteElo "1904"]
[BlackElo "1881"]
[Opening "Sicilian: Najdorf, Byrne (English) attack"]
[ECO "B90"]
[NIC "SI.14"]
[Time "20:02:40"]
[TimeControl "4500+10"]

1. e4 c5 2. Nf3 d6 3. d4 cxd4 4. Nxd4 Nf6 5. Nc3 a6 6. Be3 e5 7. Nb3 Be6 8.
Be2 Be7 9. O-O O-O 10. Qd2 b5 11. a3 Nbd7 12. Rfd1 Rc8 13. Bg5 h6 14. Bxf6
Nxf6 15. h3 Qb6 16. Qe1 Rxc3 17. bxc3 Nxe4 18. Bd3 f5 19. a4 bxa4 20. Rxa4
Bh4 21. Rd2 Nxd2 22. Qxd2 Bg5 23. Qd1 Qc6 24. Rxa6 Qxc3 25. Rxd6 Bf7 26. Qa1
Qxa1+ 27. Nxa1 e4 28. Be2 Rc8 29. Bd1 Bf6 30. Nb3 Kf8 31. Nd4 Rc5 32. Nb3
Bxb3 33. cxb3 Ke7 34. Rd2 Rc1 35. Kf1 Bg5 36. Rd4 Bf6 37. Rd2 Bc3 38. Rd5
Ke6 39. Rd8 Ba5 40. Rd4 Bb6 41. Rd2 Ba5 42. Rd4 Rb1 43. h4 g5 44. hxg5 hxg5
45. g3 g4 46. Ke2 Rb2+ 47. Kf1 Bb6 48. Rb4 Bxf2 49. Bxg4 Kf6 50. Be2 Bxg3
51. Rc4 Rxb3 52. Rc6+ Kg5 53. Rc5 Rb1+ 54. Kg2 Bh4 55. Ra5 Rb2 56. Kf1 Kf4
{White resigns}
0-1

[Event "ICC tourney 2022 (75 10)"]
[Site "Internet Chess Club"]
[Date "2020.09.26"]
[Round "3"]
[White "meghna"]
[Black "kwen2008"]
[Result "1-0"]
[ICCResult "Black resigns"]
[WhiteElo "1932"]
[BlackElo "1728"]
[Opening "Ruy Lopez: 5.O-O"]
[ECO "C78"]
[NIC "RL.12"]
[Time "20:02:28"]
[TimeControl "4500+10"]

1. e4 e5 2. Nf3 Nc6 3. Bb5 a6 4. Ba4 Nf6 5. O-O b5 6. Bb3 Bc5 7. d3 h6 8. c3
O-O 9. d4 exd4 10. cxd4 Bb6 11. Re1 d5 12. e5 Nh7 13. Nc3 Be6 14. a3 Qd7 15.
h3 Rad8 16. Be3 Na5 17. Bc2 Bf5 18. Nh4 Bxc2 19. Qxc2 Nc4 20. Rad1 Nxe3 21.
Rxe3 Ng5 22. Nf5 Kh8 23. h4 Ne4 24. Rf3 Nxc3 25. bxc3 Qe6 26. h5 Rg8 27.
Rdd3 Rdf8 28. Rde3 Ba7 29. Rg3 c5 30. Ref3 cxd4 31. cxd4 Rc8 32. Qd2 Rc7 33.
Nxg7 Qc6 34. Rc3 Qb6 35. Rxc7 {Black resigns} 1-0

[Event "ICC tourney 2022 (75 10)"]
[Site "Internet Chess Club"]
[Date "2020.09.26"]
[Round "3"]
[White "andrewjiang2"]
[Black "PearsonH"]
[Result "1/2-1/2"]
[ICCResult "Game drawn by mutual agreement"]
[WhiteElo "1978"]
[BlackElo "1773"]
[Opening "French: Tarrasch, open variation"]
[ECO "C07"]
[NIC "FR.18"]
[Time "20:02:30"]
[TimeControl "4500+10"]

1. e4 e6 2. d4 d5 3. Nd2 c5 4. Ngf3 cxd4 5. Nxd4 Nc6 6. Bb5 Bd7 7. Bxc6 bxc6
8. O-O c5 9. N4f3 d4 10. e5 Ne7 11. Ne4 Nf5 12. Bg5 Qc7 13. g4 Bc6 14. Re1
Bxe4 15. Rxe4 Ne7 16. c3 dxc3 17. bxc3 Qc6 18. Qc2 Ng6 19. h4 h6 20. Be3 Be7
21. h5 Nf8 22. Rb1 Nd7 23. Qa4 Qc7 24. Rd1 Rd8 25. Bf4 O-O 26. Bg3 Nb6 27.
Qc2 Qc6 28. Re3 Rxd1+ 29. Qxd1 Nc4 30. Re1 Rd8 31. Qe2 Qd5 32. Kg2 Qd3 33.
Qxd3 Rxd3 34. Rb1 Nb6 35. Rc1 Bd8 36. Ne1 Rd2 37. Rc2 Rd1 38. Nf3 Nc4 39.
Bf4 Rd3 40. Nd2 {Game drawn by mutual agreement} 1/2-1/2

[Event "ICC tourney 2022 (75 10)"]
[Site "Internet Chess Club"]
[Date "2020.09.26"]
[Round "3"]
[White "gmcarebear999"]
[Black "chesslin"]
[Result "1/2-1/2"]
[ICCResult "Game drawn by repetition"]
[WhiteElo "1733"]
[BlackElo "1940"]
[Opening "King's Indian: 6.Be2"]
[ECO "E91"]
[NIC "KI.19"]
[Time "20:03:24"]
[TimeControl "4500+10"]

1. d4 g6 2. c4 Bg7 3. Nc3 d6 4. e4 Nf6 5. Nf3 O-O 6. Be2 c5 7. d5 e6 8. O-O
exd5 9. exd5 h6 10. Re1 Re8 11. Bd3 Bg4 12. Rxe8+ Nxe8 13. h3 Bxf3 14. Qxf3
Nd7 15. Bf4 Ne5 16. Bxe5 dxe5 17. Qg3 Nf6 18. Qxe5 Qb6 19. Qe2 Re8 20. Qd2
a6 21. Na4 Qd6 22. Re1 b6 23. Rxe8+ Nxe8 24. Nc3 Kf8 25. b3 Qe5 26. Na4 Qa1+
27. Kh2 Qe5+ 28. g3 Qc7 29. Nc3 f5 30. Ne2 Be5 31. Nf4 Bxf4 32. Qxf4 Qxf4
33. gxf4 Nd6 34. Kg3 Ke7 35. Kf3 Kd7 36. h4 h5 37. Ke3 Kc7 38. Kd2 b5 39.
cxb5 axb5 40. Kc3 b4+ 41. Kb2 Ne8 42. Bc4 Kd6 43. Kc2 Nf6 44. f3 Nd7 45. Kd2
Nf6 46. Kc2 Ne8 47. Kd3 Nc7 48. Kc2 Ne8 49. Kd3 Nf6 50. Kc2 Ng8 51. Kd3 Ne7
52. Kc2 Nxd5 53. Bxd5 Kxd5 54. Kd3 Kd6 55. Kc2 Ke6 56. Kd2 Kd6 57. Kc2 Kc6
58. Kd2 Kb6 59. Kc2 Kc6 60. Kd2 Kd7 61. Kc2 Ke6 62. Kd2 Kd5 63. Kd3 Kc6 64.
Kc2 Kb5 65. Kd3 Kc6 66. Kc2 Kd6 67. Kd2 Ke6 68. Ke2 Ke7 69. Kd2 Kd8 70. Ke2
Kc8 71. Kd2 Kb8 72. Kc2 Ka7 73. Kd2 Ka6 74. Kc2 Ka5 75. Kd2 Kb6 76. Kc2 Kc6
77. Kd2 Kd5 78. Kd3 Kd6 79. Kd2 Kc6 80. Kc2 Kd5 81. Kd3
{Game drawn by repetition}
1/2-1/2

[Event "ICC tourney 2022 (75 10)"]
[Site "Internet Chess Club"]
[Date "2020.09.26"]
[Round "3"]
[White "Singireddy"]
[Black "Nikhilp"]
[Result "1-0"]
[ICCResult "Black checkmated"]
[WhiteElo "1875"]
[BlackElo "1811"]
[Opening "Two knights defense (Modern bishop's opening)"]
[ECO "C55"]
[NIC "IG.01"]
[Time "20:02:39"]
[TimeControl "4500+10"]

1. e4 e5 2. Nf3 Nc6 3. Bc4 Nf6 4. d3 Be7 5. O-O d6 6. h3 O-O 7. Nc3 Na5 8.
Bb3 c5 9. Bd2 Nc6 10. Nd5 Nxd5 11. Bxd5 Be6 12. Re1 Bxd5 13. exd5 Nb8 14. c4
Nd7 15. b4 b6 16. bxc5 Nxc5 17. Bb4 f5 18. Bxc5 bxc5 19. Qa4 Qc7 20. Rab1
Rab8 21. Qc6 Qxc6 22. dxc6 Rfc8 23. Rb7 Rxb7 24. cxb7 Rb8 25. Rb1 Bd8 26. a4
Bb6 27. Rb5 Bc7 28. g4 a6 29. Rb1 Ba5 30. gxf5 Bb4 31. Kf1 Rxb7 32. Ng5 h6
33. Ne4 Rd7 34. Ke2 Kf7 35. Ke3 d5 36. cxd5 Rxd5 37. Rg1 a5 38. Rg6 Ba3 39.
Nd6+ Kg8 40. f6 Rxd6 41. f7+ Kxf7 42. Rxd6 c4 43. Rc6 cxd3 44. Kxd3 Ke7 45.
Ke4 Bb4 46. Kxe5 Kd7 47. Ra6 Be1 48. f4 Ke7 49. Ra7+ Kf8 50. Ke6 Kg8 51. f5
Bc3 52. Rc7 Bb4 53. f6 gxf6 54. Kxf6 h5 55. Kg6 Kf8 56. Kxh5 Ke8 57. Kg6 Kd8
58. Rf7 Kc8 59. h4 Kd8 60. h5 Ke8 61. h6 Kd8 62. h7 Bc3 63. Rg7 Bxg7 64.
Kxg7 Kd7 65. h8=Q Kd6 66. Qd8+ Ke5 67. Qxa5+ Ke4 68. Qb4+ Kd3 69. a5 Kc2 70.
Qa3 Kb1 71. a6 Kc2 72. a7 Kd2 73. a8=Q Kc2 74. Qg2+ Kb1 75. Qab2#
{Black checkmated}
1-0

[Event "ICC tourney 2022 (75 10)"]
[Site "Internet Chess Club"]
[Date "2020.09.26"]
[Round "3"]
[White "tortorchess"]
[Black "VincentT2008"]
[Result "1/2-1/2"]
[ICCResult "Game drawn by mutual agreement"]
[WhiteElo "1468"]
[BlackElo "1740"]
[Opening "King's Indian: Smyslov system"]
[ECO "E61"]
[NIC "KI.76"]
[Time "20:02:46"]
[TimeControl "4500+10"]

1. d4 Nf6 2. c4 g6 3. Nc3 Bg7 4. Nf3 d6 5. Bg5 O-O 6. e3 h6 7. Bh4 Nbd7 8.
Bd3 e5 9. O-O g5 10. Bg3 Nh5 11. dxe5 Nxg3 12. hxg3 dxe5 13. Qc2 Nc5 14.
Bh7+ Kh8 15. Rad1 Qe8 16. Nd5 Qc6 17. b4 Ne6 18. Bf5 Nd8 19. Bxc8 Rxc8 20.
Ne7 Qe6 21. Nxc8 Qxc8 22. Rd2 f5 23. Rfd1 Ne6 24. c5 Qe8 25. a4 a6 26. Qc4
f4 27. exf4 gxf4 28. gxf4 Nxf4 29. Qe4 Qh5 30. Rd8 Qg4 31. Rxf8+ Bxf8 32.
Qxe5+ Kg8 33. g3 Qxf3 34. Qxf4 Qxd1+ 35. Kg2 Qd5+ 36. Kh2 Qf7 37. Qg4+ Kh8
38. Qd4+ Bg7 39. Qd8+ Kh7 40. Qd3+ Qg6 41. Qf3 c6 42. Kg2 Kg8 43. Kh2 Qe6
44. Qd1 Qd5 45. Qe2 Qd4 46. Qe6+ Kh8 47. Qc8+ Kh7 48. Qf5+ Kg8 49. Qe6+ Kh7
50. Qf5+ {Game drawn by mutual agreement} 1/2-1/2

[Event "ICC tourney 2022 (75 10)"]
[Site "Internet Chess Club"]
[Date "2020.09.26"]
[Round "3"]
[White "HarleyQueen8"]
[Black "incredibleking"]
[Result "1-0"]
[ICCResult "Black checkmated"]
[WhiteElo "1738"]
[BlackElo "1649"]
[Opening "Nimzo-Indian: classical, Noa variation, 5.cd ed"]
[ECO "E35"]
[NIC "NI.23"]
[Time "20:02:57"]
[TimeControl "4500+10"]

1. d4 Nf6 2. c4 e6 3. Nc3 Bb4 4. Qc2 d5 5. cxd5 exd5 6. Bg5 O-O 7. e3 h5 8.
Be2 Qd6 9. Bxf6 Qxf6 10. Bxh5 Be6 11. Ne2 c6 12. O-O Nd7 13. Nf4 Bf5 14. Qb3
Bd6 15. Nce2 g5 16. Nxd5 cxd5 17. Qxd5 Qe6 18. Qxe6 Bxe6 19. Bf3 g4 20. Be4
Nf6 21. Bd3 Nd5 22. a3 Rac8 23. Rac1 Kg7 24. Rxc8 Rxc8 25. Rc1 Rxc1+ 26.
Nxc1 f5 27. Bc4 Kf6 28. Bb3 b5 29. Kf1 a5 30. Ke2 Bxh2 31. g3 Kg5 32. Kf1
Nxe3+ 33. fxe3 Bxg3 34. Bxe6 Bb8 35. Nd3 b4 36. axb4 axb4 37. Nxb4 f4 38.
exf4+ Kxf4 39. Kg2 Ba7 40. Nc6 Bb6 41. d5 Bc7 42. b4 Bd6 43. b5 Kg5 44. b6
Kf6 45. Bxg4 Kf7 46. b7 Ke8 47. b8=Q+ Bxb8 48. Nxb8 Ke7 49. Kf3 Kd6 50. Ke4
Ke7 51. Ke5 Ke8 52. Kd6 Kd8 53. Nc6+ Ke8 54. Kc7 Kf8 55. d6 Ke8 56. d7+ Kf8
57. d8=Q+ Kf7 58. Qe7+ Kg6 59. Ne5+ Kh6 60. Qf6+ Kh7 61. Bf5+ Kg8 62. Qf7+
Kh8 63. Ng6# {Black checkmated} 1-0

[Event "ICC tourney 2022 (75 10)"]
[Site "Internet Chess Club"]
[Date "2020.09.26"]
[Round "3"]
[White "Legal757"]
[Black "Theutltl"]
[Result "1-0"]
[ICCResult "Black resigns"]
[WhiteElo "1800"]
[BlackElo "1021"]
[Opening "English: symmetrical variation"]
[ECO "A38"]
[NIC "EO.26"]
[Time "20:02:37"]
[TimeControl "4500+10"]

1. c4 c5 2. g3 g6 3. Bg2 Bg7 4. Nc3 Nc6 5. Nf3 Nf6 6. d4 cxd4 7. Nxd4 O-O 8.
O-O d6 9. Nxc6 bxc6 10. Bxc6 Rb8 11. Bg2 Bb7 12. Bxb7 Rxb7 13. Rb1 Rd7 14.
e4 Qa5 15. Bd2 Qc5 16. Qe2 Rc8 17. b3 h5 18. Kg2 Ng4 19. h3 Nf6 20. Rfc1 Qd4
21. f4 e5 22. Be3 Qxc3 23. Rxc3 Nxe4 24. Rd3 Nc5 25. Bxc5 Rxc5 26. Rbd1 exf4
27. Qe8+ {Black resigns} 1-0